Map: Dusk Towers

Players

박금비

  • Race: Protoss Protoss
  • League: Diamond

ILLBdA - Winner!

  • Race: Protoss Protoss
  • League: Diamond

VOD

Have the link to the VOD?

Description

Time

  • Played on: Dec. 22, 2015, 7:34 a.m.
  • Length: 5:08
Show
View Real Time Build Order
Export as new Build Order

박금비 Protoss 

Build Orders: 1 Gate Expand 

Get SALT Encoding   

  12  0:01  Probe (Chrono Boost)  
  13  0:12  Probe (Chrono Boost)  
  14  0:19  Pylon  
  14  0:22  Probe (Chrono Boost)  
  15  0:37  Probe (Chrono Boost)  
  15  0:40  Gateway  
  16  0:48  Probe (Chrono Boost)  
  16  0:49  Assimilator  
  17  0:58  Probe (Chrono Boost)  
  18  1:09  Probe (Chrono Boost)  
  19  1:20  Probe (Chrono Boost)  
  20  1:28  Cybernetics Core  
  20  1:34  Nexus  
  21  1:40  Probe (Chrono Boost)  
  21  1:50  Probe (Chrono Boost)  
  20  2:05  Mothership Core (Chrono Boost)  
  17  2:35  Pylon  
  17  2:50  Probe (Chrono Boost)  
  17  2:51  Assimilator  
  18  3:00  Pylon  
  18  3:02  Pylon  
  18  3:08  Pylon  
  18  3:16  Probe (Chrono Boost)  
  19  3:28  Gateway  
  19  3:36  Cybernetics Core  
  19  3:39  Probe (Chrono Boost)  
  18  3:46  Gateway  
  11  3:55  Forge  
  4  4:43  Probe (Chrono Boost)  
Show
View Real Time Build Order
Export as new Build Order

ILLBdA Protoss - Winner!

Build Orders: Cannon Rush 

Get SALT Encoding   

  12  0:00  Probe (Chrono Boost)  
  13  0:11  Probe (Chrono Boost)  
  14  0:17  Pylon  
  14  0:22  Probe (Chrono Boost)  
  15  0:36  Probe (Chrono Boost)  
  15  0:38  Forge  
  16  0:46  Probe (Chrono Boost)  
  17  1:08  Pylon x2  
  17  1:10  Pylon  
  17  1:12  Pylon  
  17  1:27  Photon Cannon  
  17  1:29  Pylon  
  17  1:49  Photon Cannon  
  17  1:50  Pylon  
  17  1:56  Photon Cannon  
  17  2:09  Photon Cannon  
  17  2:22  Gateway  
  17  2:24  Assimilator  
  17  2:31  Probe (Chrono Boost)  
  18  2:42  Probe (Chrono Boost)  
  19  2:44  Pylon  
  19  2:52  Probe (Chrono Boost)  
  20  3:03  Probe (Chrono Boost), Photon Cannon  
  21  3:06  Photon Cannon  
  21  3:12  Zealot (Chrono Boost)  
  23  3:26  Probe  
  24  3:37  Assimilator  
  24  3:38  Probe  
  25  3:44  Photon Cannon  
  25  3:48  Cybernetics Core  
  21  3:55  Probe  
  21  3:59  Pylon  
  22  4:12  Photon Cannon  
  22  4:17  Photon Cannon  
  21  4:19  Photon Cannon  
  22  4:24  Mothership Core (Chrono Boost)  
  22  4:35  Photon Cannon  
  22  4:45  Pylon  
Tags
 
Add a new tag
Caveats
  • Supply blocks, unpowered buildings, or Contaminate may cause inaccurate times.
  • Supply counts are checked every 10 seconds.